 Dungeon Crawl Stone Soup version 0.27-a0-1137-g3ef0f4ec91 (webtiles) character file.

Game seed: 8804773294834573243

72 tilp the Grave Robber (level 4, -2/30 HPs)
             Began as a Mummy Necromancer on May 6, 2021.
             Splashed by Ijyb's acid (10 damage)
             ... on level 2 of the Dungeon.
             The game lasted 00:05:55 (2222 turns).

tilp the Grave Robber (Mummy Necromancer)           Turns: 2222, Time: 00:05:56

Health: -2/30      AC: -2    Str: 11    XL:     4   Next: 7%
Magic:  0/10       EV: 12    Int: 15    God:
Gold:   139        SH:  0    Dex: 12    Spells: 6/11 levels left

rFire    x . .     SeeInvis .   a - +0 dagger
rCold    + . .     Faith    .   (no shield)
rNeg     + + +     Spirit   .   c - +0 robe
rPois    ∞         Reflect  .   (no helmet)
rElec    .         Harm     .   (no cloak)
rCorr    .         Rampage  .   (no gloves)
Will     .....                  (no boots)
Stlth    ++........             (no amulet)
HPRegen  0.10/turn              (no ring)
MPRegen  0.12/turn              (no ring)

@: corroded, very slightly contaminated
A: cold resistance 1, negative energy resistance 3, torment resistance 2,
unbreathing 1, heat vulnerability 1, no potions
a: no special abilities


You were on level 2 of the Dungeon.
You visited 1 branch of the dungeon, and saw 3 of its levels.

You collected 139 gold pieces.

Inventory:

Hand Weapons
 a - a +0 dagger (weapon)
Missiles
 e - 71 stones
Armour
 b - a +0 scale mail
 c - a +0 robe (worn)
Scrolls
 d - a scroll of teleportation
 f - 3 scrolls of enchant weapon {unknown}
 g - a scroll of silence
 h - a scroll of identify {unknown}


   Skills:
 - Level 1.5 Dodging
 - Level 1.5 Stealth
 - Level 4.0 Spellcasting
 + Level 5.1 Necromancy


You had 6 spell levels left.
You knew the following spells:

 Your Spells              Type           Power      Damage    Failure   Level
a - Pain                  Necr           72%        1d7       2%          1
b - Animate Skeleton      Necr           36%        N/A       2%          1
c - Vampiric Draining     Necr           9%         2d7       7%          3

Your spell library contained the following spells:

 Spells                   Type           Power      Damage    Failure   Level
 Animate Dead             Necr           9%         N/A       22%         4
 Agony                    Necr           18%        N/A       52%         5


Dungeon Overview and Level Annotations

Branches:
Dungeon (3/15)

Altars:

Shops:
D:3 [

Annotations:
D:2 Ijyb, Jessica, Sigmund
D:3 Robin


Innate Abilities, Weirdness & Mutations

You are immune to poison.
Your flesh is cold resistant. (rC+)
You are immune to negative energy. (rN+++)
You are immune to unholy pain and torment.
You can survive without breathing.
You are vulnerable to heat. (rF-)
You do not drink.


Message History

Okay, then.
Unknown command.
Casting: Vampiric Draining (quite dangerous; 7% risk of failure)
Confirm with . or Enter, or press ? or * to list all spells.
The spell is quite dangerous to cast (7% risk of failure)!
Continue anyway?
Aiming: Vampiric Draining (quite dangerous; 7% risk of failure)
Press: ? - help, Shift-Dir - straight line, f - Ijyb
Aim: Ijyb, wielding a +0 dagger, wearing a +0 leather armour and carrying a wand of acid (4)
You draw life force from Ijyb!
You feel life coursing into your body.
Unknown command.
Casting: Vampiric Draining (quite dangerous; 7% risk of failure)
Confirm with . or Enter, or press ? or * to list all spells.
The spell is quite dangerous to cast (7% risk of failure)!
Continue anyway?
Aiming: Vampiric Draining (quite dangerous; 7% risk of failure)
Press: ? - help, Shift-Dir - straight line, f/p - Ijyb
Aim: Ijyb, wielding a +0 dagger, wearing a +0 leather armour and carrying a wand of acid (4) (heavily wounded)
You draw life force from Ijyb.
You feel life coursing into your body. Ijyb hits you with a +0 dagger.
Unknown command.
Casting: Vampiric Draining (quite dangerous; 7% risk of failure)
Confirm with . or Enter, or press ? or * to list all spells.
The spell is quite dangerous to cast (7% risk of failure)!
Continue anyway?
Uppercase [Y]es or [N]o only, please.
The spell is quite dangerous to cast (7% risk of failure)!
Continue anyway?
Aiming: Vampiric Draining (quite dangerous; 7% risk of failure)
Press: ? - help, Shift-Dir - straight line, f/p - Ijyb
Aim: Ijyb, wielding a +0 dagger, wearing a +0 leather armour and carrying a wand of acid (4) (severely wounded)
You miscast Vampiric Draining.
You are very lightly contaminated with residual magic.
Nothing appears to happen.
Ijyb zaps a wand.
The bolt of acid misses you.
Casting: Vampiric Draining (quite dangerous; 7% risk of failure)
Confirm with . or Enter, or press ? or * to list all spells.
Aiming: Pain (safe; 2% risk of failure)
Press: ? - help, Shift-Dir - straight line, f/p - Ijyb
Aim: Ijyb, wielding a +0 dagger, wearing a +0 leather armour and carrying a wand of acid (3) (severely wounded, chance to affect: 84%) Ijyb writhes in agony.
Ijyb zaps a wand.
The bolt of acid hits you!!
Ouch! That really hurt!
* * * LOW HITPOINT WARNING * * *
The acid corrodes you!
You are splashed with acid!
You die...

....#..####.#.........#
.#.##..# #...........#
.......# ###.#####...#
.##.##.# #.##.....##
..#.##.######.##.##.##
.#.....#.......#.##.#
#.#..###............#
#....###..<....#.####
.......†.......#@#######
##...###.......#g#.....#
##...# #......>)g......#
.....# #.......#.......#
##.#########.#####.....#
#.# #..........##.....#
##.###...###.##.##.#.###
.).......# #.##......#
#...###..# #.......###


You could see Ijyb and a goblin.

Vanquished Creatures
  A gnoll (D:1)
  An adder (D:2)
  2 dart slugs (D:2)
  An orc (D:3)
  6 ball pythons
  4 bats
  5 endoplasms
  2 giant cockroaches (D:1)
  4 goblins
  4 hobgoblins
  2 jackals (D:1)
  5 kobolds
  2 frilled lizards
  3 rats
42 creatures vanquished.

Vanquished Creatures (collateral kills)
  A goblin (D:2)
  A frilled lizard (D:1)
  2 kobolds (D:1)
4 creatures vanquished.

Grand Total: 46 creatures vanquished

Notes
Turn   | Place    | Note
-------+----------+-------------------------------------------
     0 | D:1      | tilp the Mummy Necromancer began the quest for the Orb.
     0 | D:1      | Reached XP level 1. HP: 13/13 MP: 4/4
    94 | D:1      | Reached XP level 2. HP: 19/19 MP: 1/6
    96 | D:1      | Learned a level 1 spell: Animate Skeleton
   376 | D:1      | Found a faded altar of an unknown god.
   810 | D:1      | Reached XP level 3. HP: 24/24 MP: 6/8
   814 | D:1      | Learned a level 3 spell: Vampiric Draining
  1626 | D:2      | Noticed Jessica
  1718 | D:2      | Reached skill level 5 in Necromancy
  1859 | D:2      | Noticed Sigmund
  2070 | D:2      | Reached XP level 4. HP: 30/30 MP: 7/10
  2080 | D:3      | Found Fuug's Antique Armour Shop.
  2082 | D:3      | Noticed Ijyb
  2213 | D:3      | Noticed Robin
  2222 | D:2      | Splashed by Ijyb's acid

Illustrated notes

Levels and vault maps discovered:
D:1:      minmay_arrival_up_and_down, layout_rooms, basic_ecumenical_altar
D:2:      layout_loops_cross, minmay_cupped, uniq_jessica, uniq_sigmund
D:3:      layout_rooms, serial_shops, shop, uniq_grinder, uniq_ijyb, uniq_robin

Skill      XL: |  1  2  3 |
---------------+----------+-----
Spellcasting   | 3 4 |  4.0
Necromancy     | 5 |  5.1
Dodging        | |  1.5
Stealth        | |  1.5

Action                   |  1- 3 |  4- 6 || total
-------------------------+-------+-------++-------
Melee: Dagger            |    13 |       ||    13
 Cast: Pain              |    76 |     9 ||    85
       Animate Skeleton  |     9 |     1 ||    10
       Vampiric Draining |       |     2 ||     2
  Use: Scroll            |     3 |       ||     3
Armor: Robe              |     7 |       ||     7
Dodge: Dodged            |    23 |     8 ||    31

Table legend: (Time is in decaauts)
 A = Elapsed time spent in this place.
 B = Non-inter-level travel time spent in this place.
 C = Inter-level travel time spent in this place.
 D = Time resting spent in this place.
 E = Time spent auto-exploring this place.
 F = Levels seen in this place.
 G = Mean time per level.
                   A        B        C        D        E       F      G
               +--------+--------+--------+--------+--------+-----+--------+
         Total |   2224 |   2167 |     57 |    566 |   1248 |   3 |  741.3 |
       Dungeon |   2224 |   2167 |     57 |    566 |   1248 |   3 |  741.3 |
               +--------+--------+--------+--------+--------+-----+--------+

Top non-repeatable levels by time:
     D:1: 1242 daAuts
     D:2: 956 daAuts
     D:3: 25 daAuts
